[ PARTIDA AOE2 · #495426202 ]
UnrankedRomanos vs Turks
[ ANÁLISIS DE REPETICIÓN · EXTRAÍDO DE LA PARTIDA GRABADA ]
Feudal
10:23
Castillos
19:12
Imperial
38:36
| APM promedio | 18.6 |
| APM pico | 46 |
| eAPM promedio | 12.9 |
| Aldeanos / militares | 108 / 167 |
Foco
⚔️ 26.4% · 🌾 73.6%
Scorpion ×121 · Centurion ×15 · Militia ×11 · Battering Ram ×11 · Skirmisher ×5 · Trebuchet (Packed) ×4
Feudal
11:16
Castillos
15:38
Imperial
34:17
| APM promedio | 28.3 |
| APM pico | 76 |
| eAPM promedio | 14.4 |
| Aldeanos / militares | 113 / 97 |
Foco
⚔️ 23.0% · 🌾 77.0%
Scout Cavalry ×60 · Janissary ×20 · Bombard Cannon ×15 · Petard ×2
Feudal
10:02
Castillos
16:52
Imperial
38:27
| APM promedio | 26.1 |
| APM pico | 54 |
| eAPM promedio | 13.2 |
| Aldeanos / militares | 102 / 98 |
Foco
⚔️ 31.4% · 🌾 68.6%
Longbowman ×76 · Spearman ×11 · Trebuchet (Packed) ×8 · Monk ×3
Feudal
13:02
Castillos
19:48
Imperial
—
| APM promedio | 7.0 |
| APM pico | 72 |
| eAPM promedio | 3.7 |
| Aldeanos / militares | 44 / 0 |
Foco
⚔️ 10.0% · 🌾 90.0%
Feudal
11:56
Castillos
18:11
Imperial
39:36
| APM promedio | 17.2 |
| APM pico | 45 |
| eAPM promedio | 13.1 |
| Aldeanos / militares | 96 / 287 |
Foco
⚔️ 39.5% · 🌾 60.5%
Gbeto ×275 · Scout Cavalry ×10 · Militia ×2
Feudal
11:39
Castillos
16:44
Imperial
—
| APM promedio | 10.2 |
| APM pico | 51 |
| eAPM promedio | 5.6 |
| Aldeanos / militares | 45 / 0 |
Foco
⚔️ 3.1% · 🌾 96.9%
Feudal
17:12
Castillos
37:44
Imperial
—
| APM promedio | 12.4 |
| APM pico | 38 |
| eAPM promedio | 7.3 |
| Aldeanos / militares | 51 / 12 |
Foco
⚔️ 10.3% · 🌾 89.7%
Mameluke ×12
Feudal
12:02
Castillos
15:57
Imperial
38:19
| APM promedio | 14.5 |
| APM pico | 39 |
| eAPM promedio | 9.2 |
| Aldeanos / militares | 103 / 109 |
Foco
⚔️ 26.6% · 🌾 73.4%
Archer ×98 · Shotel Warrior ×11
Mapa de la partida
Recursos iniciales + cada clic de construcción. Líneas = muros · curvas = relieve. ◆ oro · ⬟ piedra · ● bayas · ✦ reliquia · ◌ hueco del cierre
Tu base· ✓ Cerrada en 19:12 · 0t muro · 2 puerta(s)
Base de gutierrezpa4· ✓ Cerrada en 15:38 · 2t muro · 8 puerta(s)
Base de vitavidal91· ✓ Cerrada en 16:52 · 0t muro · 2 puerta(s)
Base de Broseidon· ✓ Cerrada en 19:48 · 0t muro · 2 puerta(s)
Base de felipegarcia92· ✓ Cerrada en 18:11 · 0t muro · 3 puerta(s)
Base de Ghutz· ✓ Cerrada en 16:44 · 0t muro · 2 puerta(s)
Base de MagicMite204100· ✓ Cerrada en 37:44 · 0t muro · 4 puerta(s)
Base de tatomagallanes· ✓ Cerrada en 15:57 · 0t muro · 3 puerta(s)
Terreno inicial suavizado · ◌ = hueco del cierre detectado · pasá el cursor para detalles
Inputs por minuto
— GuilleLeopold17 - - gutierrezpa4
Build order — GuilleLeopold17
Primeras 150 de 342 acciones detectadas
| 0:04 | Construir | House |
| 0:05 | Construir | House |
| 0:11 | Encolar | Villager (Male) ×4 |
| 1:32 | Encolar | Villager (Male) |
| 1:33 | Encolar | Villager (Male) |
| 2:10 | Encolar | Villager (Male) |
| 2:11 | Encolar | Villager (Male) |
| 2:11 | Encolar | Villager (Male) |
| 2:22 | Construir | Lumber Camp |
| 2:30 | Encolar | Villager (Male) |
| 2:31 | Encolar | Villager (Male) |
| 2:51 | Encolar | Villager (Male) |
| 2:51 | Encolar | Villager (Male) |
| 3:41 | Encolar | Villager (Male) |
| 3:41 | Encolar | Villager (Male) |
| 3:53 | Construir | House |
| 3:54 | Construir | House |
| 4:06 | Encolar | Villager (Male) ×3 |
| 4:06 | Encolar | Villager (Male) ×3 |
| 4:56 | Encolar | Villager (Male) |
| 4:56 | Encolar | Villager (Male) |
| 4:57 | Encolar | Villager (Male) |
| 5:02 | Encolar | Villager (Male) |
| 5:02 | Encolar | Villager (Male) |
| 5:32 | Encolar | Villager (Male) |
| 5:32 | Encolar | Villager (Male) |
| 6:18 | Construir | Mining Camp |
| 6:40 | Construir | Mill |
| 7:03 | Encolar | Villager (Male) |
| 7:33 | Construir | Mining Camp |
| 8:13 | Investigar | Feudal Age |
| 8:28 | Construir | House |
| 8:29 | Construir | House |
| 9:19 | Encolar | Villager (Male) |
| 9:19 | Encolar | Villager (Male) |
| 10:22 | Construir | Barracks |
| 10:23 | Edad | Edad Feudal |
| 10:25 | Encolar | Villager (Male) |
| 10:25 | Encolar | Villager (Male) |
| 10:54 | Construir | Blacksmith |
| 11:46 | Construir | Archery Range |
| 11:54 | Encolar | Villager (Male) |
| 12:31 | Construir | Farm |
| 12:31 | Construir | Farm |
| 12:56 | Encolar | Villager (Male) |
| 13:10 | Construir | Farm |
| 13:11 | Construir | Farm |
| 13:12 | Construir | Farm |
| 13:12 | Construir | Farm |
| 13:12 | Construir | Farm |
| 13:13 | Construir | Farm |
| 13:14 | Construir | Farm |
| 13:14 | Construir | Farm |
| 13:14 | Construir | Farm |
| 13:15 | Construir | Farm |
| 13:16 | Construir | Farm |
| 13:16 | Construir | Farm |
| 13:17 | Construir | Farm |
| 13:17 | Construir | Farm |
| 13:17 | Construir | Farm |
| 13:18 | Construir | Farm |
| 13:18 | Construir | Farm |
| 13:36 | Construir | Farm |
| 13:36 | Construir | Farm |
| 13:36 | Construir | Farm |
| 13:37 | Construir | Farm |
| 13:37 | Construir | Farm |
| 13:37 | Construir | Farm |
| 13:38 | Construir | Farm |
| 13:38 | Construir | Farm |
| 13:39 | Construir | Farm |
| 13:39 | Construir | Farm |
| 13:40 | Construir | Farm |
| 13:40 | Construir | Farm |
| 13:40 | Construir | Farm |
| 13:40 | Construir | Farm |
| 13:41 | Construir | Farm |
| 13:41 | Construir | Farm |
| 13:42 | Construir | Farm |
| 13:42 | Construir | Farm |
| 13:42 | Construir | Farm |
| 13:45 | Encolar | Villager (Male) |
| 13:45 | Encolar | Villager (Male) |
| 14:23 | Construir | Farm |
| 15:11 | Construir | Market |
| 15:23 | Construir | Farm |
| 15:24 | Construir | Farm |
| 16:32 | Investigar | Castle Age |
| 16:32 | Investigar | Castle Age |
| 16:32 | Investigar | Castle Age |
| 17:13 | Investigar | Man-at-Arms (upgrade) |
| 17:29 | Construir | Barracks |
| 17:59 | Encolar | Militia |
| 17:59 | Encolar | Militia |
| 17:59 | Encolar | Militia |
| 18:16 | Construir | House |
| 18:17 | Construir | House |
| 18:18 | Construir | House |
| 18:28 | Investigar | Horse Collar |
| 18:31 | Encolar | Villager (Male) |
| 18:31 | Encolar | Villager (Male) |
| 18:31 | Encolar | Villager (Male) |
| 18:56 | Encolar | Militia |
| 18:57 | Encolar | Militia |
| 19:12 | Edad | Edad de los Castillos |
| 19:17 | Construir | Castle |
| 19:21 | Encolar | Militia |
| 19:21 | Encolar | Militia |
| 19:51 | Construir | Town Center |
| 19:54 | Encolar | Villager (Male) |
| 19:55 | Encolar | Villager (Male) |
| 19:55 | Encolar | Villager (Male) |
| 20:17 | Encolar | Militia |
| 20:17 | Encolar | Militia |
| 20:28 | Construir | Siege Workshop |
| 20:31 | Encolar | Militia |
| 20:32 | Encolar | Militia |
| 20:47 | Encolar | Villager (Male) |
| 20:47 | Encolar | Villager (Male) |
| 21:16 | Encolar | Scorpion |
| 21:16 | Encolar | Scorpion |
| 21:31 | Encolar | Villager (Male) |
| 21:31 | Encolar | Villager (Male) |
| 21:31 | Encolar | Villager (Male) |
| 21:37 | Encolar | Villager (Male) |
| 21:38 | Encolar | Villager (Male) |
| 21:38 | Encolar | Villager (Male) |
| 22:48 | Construir | Town Center |
| 23:17 | Construir | Lumber Camp |
| 23:22 | Encolar | Villager (Male) ×5 |
| 23:58 | Encolar | Villager (Male) ×3 |
| 24:18 | Construir | Farm |
| 24:18 | Construir | Farm |
| 24:18 | Construir | Farm |
| 24:19 | Construir | Farm |
| 24:44 | Encolar | Skirmisher |
| 24:45 | Encolar | Skirmisher |
| 24:45 | Encolar | Skirmisher |
| 24:45 | Encolar | Skirmisher |
| 24:45 | Encolar | Skirmisher |
| 25:07 | Encolar | Scorpion |
| 25:07 | Encolar | Scorpion |
| 25:07 | Encolar | Scorpion |
| 25:08 | Encolar | Scorpion |
| 25:28 | Construir | Farm |
| 25:29 | Construir | Farm |
| 25:29 | Construir | Farm |
| 25:29 | Construir | Farm |
| 25:40 | Encolar | Villager (Male) |
| 25:40 | Encolar | Villager (Male) |
Build order — gutierrezpa4
Primeras 150 de 336 acciones detectadas
| 0:01 | Encolar | Villager (Male) |
| 0:01 | Encolar | Villager (Male) |
| 0:01 | Encolar | Villager (Male) |
| 0:03 | Construir | House |
| 0:05 | Construir | House |
| 0:09 | Encolar | Villager (Male) |
| 0:09 | Encolar | Villager (Male) |
| 1:39 | Encolar | Villager (Male) |
| 2:04 | Encolar | Villager (Male) |
| 2:04 | Encolar | Villager (Male) |
| 2:14 | Construir | Lumber Camp |
| 2:33 | Encolar | Villager (Male) |
| 2:33 | Encolar | Villager (Male) |
| 2:51 | Encolar | Villager (Male) |
| 2:52 | Encolar | Villager (Male) |
| 3:40 | Encolar | Villager (Male) |
| 3:57 | Construir | Mill |
| 4:09 | Encolar | Villager (Male) |
| 4:22 | Construir | House |
| 4:29 | Encolar | Villager (Male) |
| 4:29 | Encolar | Villager (Male) |
| 4:30 | Encolar | Villager (Male) |
| 5:17 | Encolar | Villager (Male) |
| 5:17 | Encolar | Villager (Male) |
| 6:00 | Construir | House |
| 6:13 | Construir | Palisade Gate |
| 6:17 | Construir | Palisade Wall |
| 6:23 | Construir | Palisade Wall |
| 6:32 | Construir | Palisade Gate |
| 6:39 | Construir | Palisade Gate |
| 6:52 | Construir | Mining Camp |
| 6:53 | Encolar | Villager (Male) |
| 6:54 | Encolar | Villager (Male) |
| 7:07 | Construir | Palisade Gate |
| 7:13 | Construir | Palisade Gate |
| 7:28 | Construir | Mining Camp |
| 7:30 | Encolar | Villager (Male) |
| 8:00 | Encolar | Villager (Male) |
| 8:14 | Construir | Mining Camp |
| 8:15 | Encolar | Villager (Male) |
| 9:06 | Investigar | Feudal Age |
| 9:46 | Investigar | Loom |
| 9:46 | Encolar | Villager (Male) |
| 11:12 | Construir | House |
| 11:16 | Edad | Edad Feudal |
| 11:19 | Encolar | Villager (Male) |
| 11:38 | Construir | Market |
| 11:51 | Construir | Blacksmith |
| 12:33 | Encolar | Villager (Male) |
| 12:56 | Investigar | Castle Age |
| 13:40 | Construir | Farm |
| 13:40 | Construir | Farm |
| 13:40 | Construir | Farm |
| 13:41 | Construir | Farm |
| 13:41 | Construir | Farm |
| 13:47 | Construir | Farm |
| 13:56 | Encolar | Villager (Male) |
| 13:56 | Encolar | Villager (Male) |
| 14:24 | Construir | House |
| 14:42 | Construir | Farm |
| 14:43 | Construir | Farm |
| 14:43 | Construir | Farm |
| 15:25 | Investigar | Horse Collar |
| 15:26 | Investigar | Double-Bit Axe |
| 15:36 | Construir | Farm |
| 15:38 | Edad | Edad de los Castillos |
| 16:08 | Construir | Farm |
| 16:08 | Construir | Farm |
| 16:10 | Construir | Farm |
| 16:18 | Construir | Farm |
| 16:20 | Encolar | Villager (Male) |
| 17:03 | Construir | Castle |
| 17:10 | Encolar | Villager (Male) |
| 17:10 | Encolar | Villager (Male) |
| 17:52 | Encolar | Villager (Male) |
| 18:26 | Encolar | Janissary |
| 18:28 | Encolar | Villager (Male) |
| 18:50 | Encolar | Janissary |
| 18:51 | Encolar | Villager (Male) |
| 19:02 | Construir | Town Center |
| 19:07 | Encolar | Janissary |
| 19:08 | Encolar | Janissary |
| 19:16 | Encolar | Janissary |
| 19:20 | Encolar | Villager (Male) |
| 19:21 | Encolar | Villager (Male) |
| 19:38 | Encolar | Janissary |
| 19:52 | Encolar | Janissary |
| 20:07 | Encolar | Villager (Male) |
| 20:12 | Encolar | Villager (Male) |
| 20:13 | Encolar | Villager (Male) |
| 21:09 | Encolar | Petard |
| 21:09 | Encolar | Petard |
| 21:34 | Encolar | Villager (Male) |
| 21:35 | Encolar | Villager (Male) |
| 21:39 | Encolar | Villager (Male) |
| 22:02 | Encolar | Villager (Male) |
| 22:07 | Construir | Farm |
| 22:07 | Construir | Farm |
| 22:07 | Construir | Farm |
| 22:07 | Construir | Farm |
| 22:08 | Construir | Farm |
| 22:09 | Construir | Farm |
| 22:15 | Construir | Farm |
| 22:16 | Construir | Farm |
| 22:17 | Encolar | Villager (Male) |
| 22:20 | Encolar | Villager (Male) |
| 22:57 | Encolar | Villager (Male) |
| 23:09 | Investigar | Wheelbarrow |
| 23:14 | Encolar | Villager (Male) |
| 23:23 | Encolar | Villager (Male) |
| 23:35 | Construir | House |
| 23:36 | Construir | House |
| 23:36 | Construir | House |
| 23:37 | Construir | House |
| 23:37 | Construir | House |
| 23:38 | Construir | House |
| 23:38 | Construir | House |
| 23:39 | Construir | House |
| 23:39 | Construir | House |
| 23:39 | Construir | House |
| 23:40 | Construir | House |
| 23:40 | Construir | House |
| 23:41 | Construir | House |
| 23:42 | Construir | House |
| 23:46 | Encolar | Villager (Male) |
| 23:47 | Encolar | Villager (Male) |
| 25:16 | Encolar | Villager (Male) |
| 25:16 | Encolar | Villager (Male) |
| 25:37 | Encolar | Villager (Male) |
| 25:37 | Encolar | Villager (Male) |
| 25:40 | Encolar | Janissary |
| 25:40 | Encolar | Janissary |
| 25:41 | Encolar | Janissary |
| 25:49 | Construir | Barracks |
| 25:53 | Encolar | Villager (Male) |
| 25:53 | Encolar | Villager (Male) |
| 25:55 | Encolar | Villager (Male) |
| 25:57 | Investigar | Bow Saw |
| 26:38 | Encolar | Villager (Male) |
| 26:38 | Encolar | Villager (Male) |
| 26:50 | Encolar | Janissary |
| 26:51 | Encolar | Janissary |
| 27:02 | Construir | Stable |
| 27:07 | Construir | Stable |
| 27:22 | Encolar | Villager (Male) |
| 27:28 | Encolar | Villager (Male) |
| 27:33 | Encolar | Villager (Male) |
| 27:33 | Encolar | Villager (Male) |
| 27:36 | Encolar | Villager (Male) |
| 27:36 | Encolar | Villager (Male) |
Build order — vitavidal91
Primeras 150 de 334 acciones detectadas
| 0:02 | Encolar | Villager (Male) |
| 0:02 | Encolar | Villager (Male) |
| 0:03 | Construir | House |
| 0:05 | Construir | House |
| 0:30 | Encolar | Villager (Male) |
| 0:45 | Encolar | Villager (Male) |
| 1:42 | Encolar | Villager (Male) |
| 2:16 | Encolar | Villager (Male) |
| 2:38 | Encolar | Villager (Male) |
| 2:55 | Encolar | Villager (Male) |
| 3:08 | Encolar | Villager (Male) |
| 3:39 | Encolar | Villager (Male) |
| 3:57 | Encolar | Villager (Male) |
| 4:01 | Construir | House |
| 4:43 | Encolar | Villager (Male) |
| 4:54 | Construir | Lumber Camp |
| 5:31 | Encolar | Villager (Male) |
| 5:32 | Encolar | Villager (Male) |
| 5:55 | Construir | House |
| 6:15 | Encolar | Villager (Male) |
| 6:44 | Encolar | Villager (Male) |
| 7:05 | Encolar | Villager (Male) |
| 7:17 | Encolar | Villager (Male) |
| 7:35 | Construir | Mill |
| 7:41 | Encolar | Villager (Male) |
| 7:52 | Investigar | Feudal Age |
| 9:38 | Encolar | Villager (Male) |
| 10:02 | Edad | Edad Feudal |
| 10:04 | Encolar | Villager (Male) |
| 10:11 | Construir | Mining Camp |
| 10:23 | Construir | House |
| 10:26 | Construir | Blacksmith |
| 10:28 | Encolar | Villager (Male) |
| 10:36 | Construir | Mill |
| 10:42 | Encolar | Villager (Male) |
| 10:49 | Encolar | Villager (Male) |
| 11:05 | Construir | Market |
| 11:21 | Encolar | Villager (Male) |
| 11:29 | Construir | House |
| 11:30 | Construir | House |
| 12:12 | Construir | Farm |
| 12:29 | Investigar | Loom |
| 12:35 | Construir | Farm |
| 12:55 | Encolar | Villager (Male) |
| 13:04 | Encolar | Villager (Male) |
| 13:12 | Construir | Farm |
| 13:27 | Encolar | Villager (Male) |
| 13:28 | Construir | Farm |
| 13:33 | Construir | Farm |
| 13:34 | Construir | Farm |
| 13:50 | Construir | Farm |
| 14:10 | Investigar | Castle Age |
| 14:37 | Construir | Mining Camp |
| 15:07 | Investigar | Stone Mining |
| 16:17 | Encolar | Villager (Male) |
| 16:19 | Investigar | Double-Bit Axe |
| 16:52 | Edad | Edad de los Castillos |
| 16:59 | Encolar | Villager (Male) |
| 17:31 | Construir | Monastery |
| 17:34 | Encolar | Villager (Male) |
| 18:08 | Encolar | Villager (Male) |
| 18:09 | Encolar | Villager (Male) |
| 18:17 | Encolar | Villager (Male) |
| 18:28 | Construir | Castle |
| 18:33 | Construir | Mining Camp |
| 18:46 | Encolar | Villager (Male) |
| 19:26 | Encolar | Monk |
| 19:42 | Encolar | Villager (Male) |
| 19:53 | Construir | House |
| 19:55 | Construir | House |
| 19:57 | Construir | House |
| 19:58 | Construir | House |
| 19:58 | Construir | House |
| 19:58 | Construir | House |
| 19:59 | Construir | House |
| 19:59 | Construir | House |
| 19:59 | Construir | House |
| 19:59 | Construir | House |
| 20:01 | Construir | House |
| 20:01 | Construir | House |
| 20:01 | Construir | House |
| 20:01 | Construir | House |
| 20:02 | Construir | House |
| 20:02 | Construir | House |
| 20:02 | Construir | House |
| 20:03 | Construir | House |
| 20:05 | Encolar | Villager (Male) |
| 20:19 | Construir | Town Center |
| 20:21 | Encolar | Villager (Male) |
| 20:21 | Encolar | Villager (Male) |
| 20:24 | Encolar | Longbowman |
| 20:25 | Encolar | Longbowman |
| 20:53 | Encolar | Villager (Male) |
| 21:08 | Encolar | Longbowman |
| 21:09 | Encolar | Longbowman |
| 21:18 | Encolar | Monk |
| 21:50 | Encolar | Longbowman |
| 21:51 | Encolar | Longbowman |
| 21:59 | Encolar | Villager (Male) |
| 22:01 | Encolar | Villager (Male) |
| 22:04 | Encolar | Villager (Male) |
| 22:09 | Encolar | Villager (Male) |
| 22:10 | Encolar | Villager (Male) |
| 22:24 | Encolar | Longbowman |
| 22:37 | Encolar | Villager (Male) |
| 22:38 | Encolar | Villager (Male) |
| 22:40 | Encolar | Villager (Male) |
| 22:51 | Construir | Farm |
| 22:51 | Construir | Farm |
| 22:51 | Construir | Farm |
| 22:51 | Construir | Farm |
| 22:52 | Construir | Farm |
| 22:52 | Construir | Farm |
| 22:52 | Construir | Farm |
| 22:52 | Construir | Farm |
| 22:53 | Construir | Farm |
| 22:56 | Encolar | Villager (Male) |
| 23:00 | Encolar | Longbowman |
| 23:14 | Encolar | Longbowman |
| 23:30 | Encolar | Longbowman |
| 23:35 | Encolar | Villager (Male) |
| 23:40 | Encolar | Villager (Male) |
| 23:48 | Construir | Farm |
| 23:48 | Construir | Farm |
| 23:49 | Construir | Farm |
| 23:49 | Construir | Farm |
| 23:49 | Construir | Farm |
| 23:49 | Construir | Farm |
| 23:50 | Construir | Farm |
| 23:51 | Construir | Farm |
| 23:58 | Encolar | Villager (Male) |
| 24:02 | Encolar | Villager (Male) |
| 24:02 | Encolar | Villager (Male) |
| 24:07 | Encolar | Villager (Male) |
| 24:07 | Encolar | Villager (Male) |
| 24:07 | Encolar | Villager (Male) |
| 24:07 | Encolar | Villager (Male) |
| 24:12 | Encolar | Longbowman |
| 24:13 | Encolar | Longbowman |
| 24:27 | Encolar | Villager (Male) |
| 24:48 | Construir | Castle |
| 25:56 | Encolar | Monk |
| 26:00 | Construir | University |
| 26:03 | Encolar | Villager (Male) |
| 26:03 | Encolar | Villager (Male) |
| 26:03 | Encolar | Villager (Male) |
| 26:04 | Encolar | Villager (Male) |
| 26:05 | Encolar | Villager (Male) |
| 26:05 | Encolar | Villager (Male) |
| 26:05 | Encolar | Villager (Male) |
Build order — Broseidon
85 acciones detectadas en el replay
| 0:08 | Construir | House |
| 0:11 | Construir | House |
| 0:12 | Encolar | Villager (Male) |
| 0:13 | Encolar | Villager (Male) |
| 0:13 | Encolar | Villager (Male) |
| 0:13 | Encolar | Villager (Male) |
| 0:13 | Encolar | Villager (Male) |
| 1:46 | Encolar | Villager (Male) |
| 1:46 | Encolar | Villager (Male) |
| 2:21 | Encolar | Villager (Male) |
| 3:01 | Encolar | Villager (Male) |
| 3:02 | Encolar | Villager (Male) |
| 3:29 | Encolar | Villager (Male) |
| 3:51 | Encolar | Villager (Male) |
| 3:58 | Construir | Mill |
| 4:01 | Construir | House |
| 4:17 | Construir | Lumber Camp |
| 4:58 | Encolar | Villager (Male) |
| 4:58 | Encolar | Villager (Male) |
| 5:29 | Encolar | Villager (Male) |
| 5:53 | Encolar | Villager (Male) |
| 6:57 | Encolar | Villager (Male) |
| 6:58 | Encolar | Villager (Male) |
| 7:12 | Construir | House |
| 7:57 | Encolar | Villager (Male) |
| 7:57 | Encolar | Villager (Male) |
| 8:02 | Encolar | Villager (Male) |
| 8:15 | Construir | Mill |
| 8:18 | Encolar | Villager (Male) |
| 8:18 | Encolar | Villager (Male) |
| 8:18 | Encolar | Villager (Male) |
| 8:25 | Encolar | Villager (Male) |
| 8:25 | Encolar | Villager (Male) |
| 8:31 | Encolar | Villager (Male) |
| 8:31 | Encolar | Villager (Male) |
| 8:31 | Encolar | Villager (Male) |
| 8:54 | Encolar | Villager (Male) |
| 9:28 | Encolar | Villager (Male) |
| 10:15 | Investigar | Feudal Age |
| 10:48 | Construir | Mining Camp |
| 10:55 | Encolar | Villager (Male) |
| 10:56 | Encolar | Villager (Male) |
| 10:56 | Encolar | Villager (Male) |
| 10:56 | Encolar | Villager (Male) |
| 11:59 | Construir | Farm |
| 12:00 | Construir | Farm |
| 12:02 | Construir | Farm |
| 12:03 | Construir | Farm |
| 12:05 | Construir | Farm |
| 12:07 | Construir | Farm |
| 12:16 | Encolar | Villager (Male) |
| 12:16 | Encolar | Villager (Male) |
| 13:02 | Edad | Edad Feudal |
| 13:34 | Construir | Farm |
| 14:46 | Construir | Farm |
| 14:51 | Construir | Farm |
| 14:51 | Construir | Farm |
| 14:52 | Construir | Farm |
| 15:13 | Construir | Mining Camp |
| 15:16 | Encolar | Villager (Male) |
| 15:22 | Encolar | Villager (Male) |
| 15:35 | Construir | Blacksmith |
| 15:46 | Encolar | Villager (Male) |
| 16:07 | Construir | Market |
| 16:40 | Encolar | Villager (Male) |
| 16:40 | Encolar | Villager (Male) |
| 16:46 | Construir | Farm |
| 16:54 | Construir | Barracks |
| 17:08 | Investigar | Castle Age |
| 17:23 | Construir | Farm |
| 17:26 | Construir | Farm |
| 17:28 | Construir | Farm |
| 17:34 | Investigar | Forging |
| 17:34 | Investigar | Scale Barding Armor |
| 18:20 | Construir | Stable |
| 18:31 | Construir | House |
| 18:33 | Construir | House |
| 18:50 | Investigar | Double-Bit Axe |
| 18:53 | Encolar | Villager (Male) |
| 18:54 | Encolar | Villager (Male) |
| 19:10 | Construir | House |
| 19:12 | Construir | House |
| 19:48 | Edad | Edad de los Castillos |
| 20:28 | Investigar | Horse Collar |
| 20:32 | Investigar | Stone Mining |
Build order — felipegarcia92
Primeras 150 de 395 acciones detectadas
| 0:01 | Encolar | Villager (Male) |
| 0:02 | Encolar | Villager (Male) |
| 0:02 | Encolar | Villager (Male) |
| 0:02 | Encolar | Villager (Male) |
| 0:06 | Construir | House |
| 0:10 | Construir | House |
| 1:29 | Encolar | Villager (Male) |
| 2:06 | Encolar | Villager (Male) |
| 2:06 | Encolar | Villager (Male) |
| 2:40 | Encolar | Villager (Male) |
| 2:58 | Encolar | Villager (Male) |
| 2:58 | Encolar | Villager (Male) |
| 3:17 | Encolar | Villager (Male) |
| 3:35 | Construir | House |
| 3:40 | Construir | Mill |
| 3:47 | Encolar | Villager (Male) |
| 3:59 | Encolar | Villager (Male) |
| 4:49 | Investigar | Loom |
| 5:14 | Encolar | Villager (Male) |
| 5:14 | Encolar | Villager (Male) |
| 5:44 | Encolar | Villager (Male) |
| 5:44 | Encolar | Villager (Male) |
| 6:14 | Encolar | Villager (Male) |
| 6:15 | Encolar | Villager (Male) |
| 6:22 | Construir | Mining Camp |
| 6:47 | Encolar | Villager (Male) |
| 6:48 | Encolar | Villager (Male) |
| 6:56 | Construir | House |
| 7:26 | Construir | Lumber Camp |
| 7:34 | Encolar | Villager (Male) |
| 7:57 | Encolar | Villager (Male) |
| 7:57 | Encolar | Villager (Male) |
| 8:03 | Construir | Mill |
| 8:25 | Construir | Mining Camp |
| 8:37 | Encolar | Villager (Male) |
| 8:49 | Construir | Mining Camp |
| 9:46 | Investigar | Feudal Age |
| 9:47 | Investigar | Feudal Age |
| 10:03 | Construir | Barracks |
| 10:07 | Construir | House |
| 10:53 | Encolar | Villager (Male) |
| 10:53 | Encolar | Villager (Male) |
| 11:56 | Edad | Edad Feudal |
| 12:04 | Encolar | Villager (Male) |
| 12:43 | Construir | Stable |
| 12:50 | Construir | Blacksmith |
| 13:02 | Construir | Farm |
| 13:04 | Encolar | Villager (Male) |
| 13:17 | Encolar | Villager (Male) |
| 13:19 | Construir | Farm |
| 14:11 | Construir | House |
| 14:15 | Investigar | Wheelbarrow |
| 14:41 | Construir | Farm |
| 14:48 | Construir | Farm |
| 15:13 | Construir | Farm |
| 15:13 | Construir | Farm |
| 15:14 | Construir | Farm |
| 15:15 | Construir | Farm |
| 15:31 | Investigar | Castle Age |
| 15:59 | Construir | Farm |
| 16:46 | Construir | Farm |
| 16:47 | Construir | Farm |
| 16:53 | Investigar | Horse Collar |
| 16:53 | Investigar | Horse Collar |
| 16:57 | Investigar | Double-Bit Axe |
| 17:20 | Encolar | Scout Cavalry |
| 17:26 | Encolar | Militia |
| 17:26 | Encolar | Militia |
| 17:55 | Encolar | Villager (Male) |
| 17:55 | Encolar | Villager (Male) |
| 18:08 | Construir | Farm |
| 18:11 | Edad | Edad de los Castillos |
| 18:13 | Encolar | Villager (Male) |
| 18:20 | Investigar | Squires |
| 19:16 | Construir | Castle |
| 19:26 | Construir | House |
| 19:26 | Construir | House |
| 19:26 | Construir | House |
| 19:26 | Construir | House |
| 19:27 | Construir | House |
| 19:27 | Construir | House |
| 19:30 | Investigar | Hand Cart |
| 19:48 | Investigar | Heavy Plow |
| 19:48 | Investigar | Heavy Plow |
| 20:24 | Encolar | Villager (Male) |
| 20:25 | Encolar | Villager (Male) |
| 20:33 | Construir | Town Center |
| 20:37 | Encolar | Villager (Male) |
| 20:58 | Construir | Farm |
| 21:18 | Construir | Farm |
| 21:25 | Encolar | Villager (Male) |
| 21:26 | Encolar | Villager (Male) |
| 21:35 | Construir | Stable |
| 21:36 | Construir | Stable |
| 21:40 | Construir | House |
| 21:40 | Construir | House |
| 21:41 | Construir | House |
| 21:41 | Construir | House |
| 21:48 | Encolar | Gbeto |
| 21:48 | Encolar | Gbeto |
| 21:49 | Encolar | Gbeto |
| 21:49 | Encolar | Gbeto |
| 21:49 | Encolar | Gbeto |
| 22:21 | Construir | Farm |
| 22:21 | Construir | Farm |
| 22:28 | Encolar | Villager (Male) |
| 22:30 | Encolar | Villager (Male) |
| 22:30 | Encolar | Villager (Male) |
| 22:50 | Encolar | Gbeto |
| 22:59 | Encolar | Gbeto |
| 23:04 | Construir | Farm |
| 23:06 | Encolar | Villager (Male) |
| 23:12 | Construir | Lumber Camp |
| 23:16 | Investigar | Forging |
| 23:19 | Encolar | Villager (Male) |
| 23:22 | Encolar | Villager (Male) |
| 23:24 | Construir | Farm |
| 23:34 | Investigar | Scale Mail Armor |
| 23:38 | Encolar | Gbeto |
| 23:38 | Encolar | Gbeto |
| 23:39 | Encolar | Gbeto |
| 23:57 | Construir | Mill |
| 23:59 | Construir | Farm |
| 23:59 | Construir | Farm |
| 24:02 | Construir | Farm |
| 24:06 | Encolar | Gbeto |
| 24:06 | Encolar | Gbeto |
| 24:09 | Encolar | Gbeto |
| 24:21 | Construir | House |
| 24:23 | Encolar | Gbeto |
| 24:34 | Construir | Farm |
| 24:36 | Encolar | Villager (Male) |
| 24:38 | Encolar | Villager (Male) |
| 24:43 | Construir | Farm |
| 24:58 | Investigar | Husbandry |
| 25:01 | Encolar | Villager (Male) |
| 25:03 | Encolar | Villager (Male) |
| 25:06 | Construir | Farm |
| 25:30 | Encolar | Gbeto |
| 25:30 | Encolar | Gbeto |
| 25:38 | Construir | Farm |
| 25:49 | Encolar | Villager (Male) |
| 25:49 | Encolar | Villager (Male) |
| 25:50 | Encolar | Villager (Male) |
| 25:53 | Encolar | Villager (Male) |
| 25:53 | Encolar | Villager (Male) |
| 25:59 | Encolar | Scout Cavalry |
| 26:29 | Encolar | Villager (Male) |
| 26:40 | Encolar | Gbeto |
| 26:41 | Encolar | Gbeto |
Build order — Ghutz
94 acciones detectadas en el replay
| 0:06 | Construir | House |
| 0:08 | Encolar | Villager (Male) |
| 0:09 | Encolar | Villager (Male) |
| 0:09 | Encolar | Villager (Male) |
| 0:09 | Encolar | Villager (Male) |
| 1:41 | Encolar | Villager (Male) |
| 1:42 | Encolar | Villager (Male) |
| 1:42 | Encolar | Villager (Male) |
| 1:54 | Construir | House |
| 2:16 | Encolar | Villager (Male) |
| 2:16 | Encolar | Villager (Male) |
| 2:35 | Construir | House |
| 2:36 | Construir | House |
| 2:57 | Encolar | Villager (Male) |
| 2:57 | Encolar | Villager (Male) |
| 3:22 | Encolar | Villager (Male) |
| 3:23 | Encolar | Villager (Male) |
| 3:27 | Construir | Mill |
| 3:44 | Encolar | Villager (Male) |
| 3:44 | Encolar | Villager (Male) |
| 4:21 | Encolar | Villager (Male) |
| 4:21 | Encolar | Villager (Male) |
| 4:43 | Encolar | Villager (Male) |
| 4:43 | Encolar | Villager (Male) |
| 5:16 | Construir | Lumber Camp |
| 5:19 | Encolar | Villager (Male) |
| 5:19 | Encolar | Villager (Male) |
| 5:58 | Encolar | Villager (Male) |
| 5:58 | Encolar | Villager (Male) |
| 6:06 | Encolar | Villager (Male) |
| 6:48 | Encolar | Villager (Male) |
| 7:15 | Encolar | Villager (Male) |
| 7:15 | Encolar | Villager (Male) |
| 7:17 | Encolar | Villager (Male) |
| 7:17 | Encolar | Villager (Male) |
| 7:57 | Construir | Mining Camp |
| 8:00 | Encolar | Villager (Male) |
| 9:29 | Investigar | Feudal Age |
| 9:30 | Investigar | Feudal Age |
| 10:32 | Construir | Lumber Camp |
| 10:38 | Construir | Farm |
| 10:41 | Construir | Farm |
| 10:44 | Construir | Farm |
| 10:46 | Construir | Farm |
| 11:17 | Construir | Farm |
| 11:23 | Construir | Farm |
| 11:39 | Edad | Edad Feudal |
| 11:41 | Encolar | Villager (Male) |
| 11:46 | Encolar | Villager (Male) |
| 12:03 | Construir | Market |
| 12:14 | Construir | Blacksmith |
| 12:35 | Construir | Farm |
| 13:22 | Construir | Farm |
| 13:29 | Construir | Farm |
| 14:04 | Investigar | Castle Age |
| 14:04 | Investigar | Castle Age |
| 14:48 | Investigar | Double-Bit Axe |
| 14:48 | Investigar | Double-Bit Axe |
| 14:53 | Investigar | Gold Mining |
| 15:29 | Investigar | Horse Collar |
| 15:46 | Construir | House |
| 15:47 | Construir | House |
| 15:48 | Construir | House |
| 15:49 | Construir | House |
| 16:44 | Edad | Edad de los Castillos |
| 16:52 | Construir | Town Center |
| 16:58 | Investigar | Bow Saw |
| 17:00 | Encolar | Villager (Male) |
| 17:01 | Encolar | Villager (Male) |
| 17:05 | Investigar | Wheelbarrow |
| 17:13 | Construir | House |
| 17:14 | Construir | House |
| 17:39 | Encolar | Villager (Male) |
| 17:39 | Encolar | Villager (Male) |
| 17:39 | Encolar | Villager (Male) |
| 18:00 | Encolar | Villager (Male) |
| 18:00 | Encolar | Villager (Male) |
| 18:39 | Encolar | Villager (Male) |
| 18:39 | Encolar | Villager (Male) |
| 18:39 | Encolar | Villager (Male) |
| 18:49 | Construir | Farm |
| 18:53 | Construir | Farm |
| 18:58 | Construir | Farm |
| 19:02 | Construir | Farm |
| 19:04 | Encolar | Villager (Male) |
| 19:10 | Encolar | Villager (Male) |
| 19:10 | Encolar | Villager (Male) |
| 19:24 | Construir | House |
| 19:25 | Construir | House |
| 19:42 | Construir | Town Center |
| 19:52 | Construir | House |
| 20:03 | Construir | House |
| 20:04 | Construir | House |
| 20:08 | Construir | Farm |
Build order — MagicMite204100
111 acciones detectadas en el replay
| 0:07 | Encolar | Villager (Male) |
| 0:08 | Encolar | Villager (Male) |
| 0:08 | Encolar | Villager (Male) |
| 0:08 | Encolar | Villager (Male) |
| 0:08 | Encolar | Villager (Male) |
| 0:09 | Encolar | Villager (Male) |
| 0:40 | Construir | House |
| 1:26 | Construir | House |
| 2:18 | Encolar | Villager (Male) |
| 2:18 | Encolar | Villager (Male) |
| 2:18 | Encolar | Villager (Male) |
| 2:56 | Construir | House |
| 3:32 | Encolar | Villager (Male) |
| 3:32 | Encolar | Villager (Male) |
| 3:33 | Encolar | Villager (Male) |
| 3:55 | Construir | Lumber Camp |
| 4:29 | Construir | Barracks |
| 5:36 | Construir | House |
| 5:45 | Encolar | Villager (Male) |
| 5:45 | Encolar | Villager (Male) |
| 5:46 | Encolar | Villager (Male) |
| 6:21 | Construir | House |
| 7:45 | Encolar | Villager (Male) |
| 7:45 | Encolar | Villager (Male) |
| 7:46 | Encolar | Villager (Male) |
| 7:46 | Encolar | Villager (Male) |
| 8:19 | Construir | Mill |
| 8:55 | Encolar | Villager (Male) |
| 8:55 | Encolar | Villager (Male) |
| 8:55 | Encolar | Villager (Male) |
| 10:30 | Construir | Farm |
| 12:59 | Construir | House |
| 14:09 | Construir | Lumber Camp |
| 14:58 | Encolar | Villager (Male) |
| 14:58 | Encolar | Villager (Male) |
| 15:02 | Investigar | Feudal Age |
| 15:06 | Encolar | Villager (Male) |
| 15:06 | Encolar | Villager (Male) |
| 15:06 | Encolar | Villager (Male) |
| 15:07 | Encolar | Villager (Male) |
| 15:07 | Encolar | Villager (Male) |
| 15:07 | Encolar | Villager (Male) |
| 16:07 | Construir | Farm |
| 16:36 | Encolar | Villager (Male) |
| 16:36 | Encolar | Villager (Male) |
| 16:36 | Encolar | Villager (Male) |
| 16:37 | Encolar | Villager (Male) |
| 17:12 | Edad | Edad Feudal |
| 17:38 | Construir | Farm |
| 17:43 | Construir | Farm |
| 17:53 | Construir | Farm |
| 18:06 | Construir | Farm |
| 18:28 | Construir | Farm |
| 18:36 | Investigar | Double-Bit Axe |
| 18:59 | Construir | Market |
| 19:24 | Construir | Farm |
| 19:39 | Construir | Farm |
| 21:19 | Investigar | Horse Collar |
| 21:45 | Construir | Mill |
| 22:24 | Investigar | Loom |
| 22:28 | Encolar | Villager (Male) |
| 22:28 | Encolar | Villager (Male) |
| 22:29 | Encolar | Villager (Male) |
| 23:23 | Construir | Farm |
| 23:44 | Encolar | Villager (Male) |
| 23:44 | Encolar | Villager (Male) |
| 23:45 | Encolar | Villager (Male) |
| 23:45 | Encolar | Villager (Male) |
| 24:53 | Construir | Farm |
| 24:54 | Construir | Farm |
| 24:55 | Construir | Farm |
| 25:48 | Construir | Farm |
| 28:10 | Construir | Stable |
| 30:19 | Construir | Farm |
| 30:26 | Construir | Farm |
| 30:27 | Construir | Farm |
| 30:51 | Construir | House |
| 30:56 | Investigar | Bloodlines |
| 31:17 | Construir | Mining Camp |
| 31:33 | Investigar | Wheelbarrow |
| 33:42 | Construir | Watch Tower |
| 35:04 | Investigar | Castle Age |
| 36:41 | Construir | Gate |
| 37:44 | Edad | Edad de los Castillos |
| 37:48 | Investigar | Husbandry |
| 38:38 | Construir | Castle |
| 38:53 | Construir | Castle |
| 41:09 | Encolar | Villager (Male) |
| 41:09 | Encolar | Villager (Male) |
| 41:10 | Encolar | Villager (Male) |
| 41:13 | Encolar | Villager (Male) |
| 41:13 | Encolar | Villager (Male) |
| 41:13 | Encolar | Villager (Male) |
| 41:18 | Investigar | Heavy Plow |
| 41:22 | Investigar | Bow Saw |
| 41:35 | Encolar | Mameluke |
| 41:35 | Encolar | Mameluke |
| 41:35 | Encolar | Mameluke |
| 41:36 | Encolar | Mameluke |
| 41:36 | Encolar | Mameluke |
| 41:36 | Encolar | Mameluke |
| 41:36 | Encolar | Mameluke |
| 41:36 | Encolar | Mameluke |
| 42:44 | Encolar | Mameluke |
| 42:45 | Encolar | Mameluke |
| 42:45 | Encolar | Mameluke |
| 42:45 | Encolar | Mameluke |
| 43:41 | Encolar | Villager (Male) |
| 43:41 | Encolar | Villager (Male) |
| 46:36 | Encolar | Villager (Male) |
| 46:36 | Encolar | Villager (Male) |
Build order — tatomagallanes
Primeras 150 de 312 acciones detectadas
| 0:02 | Encolar | Villager (Male) |
| 0:03 | Encolar | Villager (Male) |
| 0:03 | Encolar | Villager (Male) |
| 0:03 | Encolar | Villager (Male) |
| 0:03 | Encolar | Villager (Male) |
| 0:08 | Construir | House |
| 0:13 | Construir | House |
| 1:40 | Encolar | Villager (Male) |
| 2:06 | Encolar | Villager (Male) |
| 2:25 | Investigar | Loom |
| 2:26 | Encolar | Villager (Male) |
| 3:20 | Encolar | Villager (Male) |
| 3:40 | Encolar | Villager (Male) |
| 3:59 | Encolar | Villager (Male) |
| 4:03 | Construir | Mill |
| 4:14 | Construir | House |
| 4:29 | Construir | Lumber Camp |
| 4:48 | Encolar | Villager (Male) |
| 4:48 | Encolar | Villager (Male) |
| 5:22 | Encolar | Villager (Male) |
| 5:46 | Encolar | Villager (Male) |
| 5:46 | Encolar | Villager (Male) |
| 6:31 | Encolar | Villager (Male) |
| 6:32 | Encolar | Villager (Male) |
| 6:36 | Construir | House |
| 6:41 | Construir | House |
| 6:59 | Encolar | Villager (Male) |
| 7:37 | Encolar | Villager (Male) |
| 7:38 | Encolar | Villager (Male) |
| 7:55 | Construir | Farm |
| 8:02 | Construir | Mill |
| 8:08 | Construir | Farm |
| 8:11 | Encolar | Villager (Male) |
| 8:22 | Construir | Farm |
| 8:29 | Encolar | Villager (Male) |
| 8:51 | Construir | Farm |
| 8:54 | Encolar | Villager (Male) |
| 9:33 | Construir | Mining Camp |
| 9:47 | Investigar | Feudal Age |
| 11:02 | Construir | Barracks |
| 11:24 | Encolar | Villager (Male) |
| 11:24 | Encolar | Villager (Male) |
| 11:24 | Encolar | Villager (Male) |
| 12:02 | Edad | Edad Feudal |
| 12:07 | Construir | Archery Range |
| 12:30 | Construir | Blacksmith |
| 13:14 | Investigar | Castle Age |
| 13:34 | Construir | House |
| 13:39 | Construir | House |
| 13:54 | Investigar | Double-Bit Axe |
| 14:00 | Encolar | Archer |
| 14:46 | Encolar | Archer |
| 14:57 | Construir | Mining Camp |
| 15:03 | Investigar | Stone Mining |
| 15:22 | Encolar | Archer |
| 15:42 | Encolar | Villager (Male) |
| 15:42 | Encolar | Villager (Male) |
| 15:57 | Edad | Edad de los Castillos |
| 16:04 | Construir | Town Center |
| 16:11 | Encolar | Villager (Male) |
| 16:26 | Construir | Farm |
| 16:27 | Construir | Farm |
| 16:40 | Encolar | Villager (Male) |
| 16:45 | Investigar | Padded Archer Armor |
| 16:50 | Encolar | Archer |
| 17:21 | Encolar | Archer |
| 17:24 | Encolar | Villager (Male) |
| 17:28 | Encolar | Villager (Male) |
| 17:28 | Encolar | Villager (Male) |
| 18:15 | Encolar | Villager (Male) |
| 18:15 | Encolar | Villager (Male) |
| 18:19 | Encolar | Villager (Male) |
| 18:19 | Encolar | Villager (Male) |
| 18:35 | Construir | House |
| 18:36 | Construir | House |
| 18:41 | Investigar | Crossbowman (upgrade) |
| 19:08 | Encolar | Villager (Male) |
| 19:10 | Encolar | Villager (Male) |
| 19:15 | Encolar | Archer |
| 19:45 | Investigar | Stone Shaft Mining |
| 20:25 | Encolar | Archer |
| 20:25 | Encolar | Archer |
| 20:47 | Construir | House |
| 20:48 | Construir | House |
| 20:49 | Construir | House |
| 20:55 | Encolar | Villager (Male) |
| 20:55 | Encolar | Villager (Male) |
| 21:08 | Construir | Castle |
| 21:20 | Construir | Town Center |
| 21:23 | Encolar | Villager (Male) |
| 21:23 | Encolar | Villager (Male) |
| 21:32 | Construir | Farm |
| 21:32 | Construir | Farm |
| 21:33 | Construir | Farm |
| 21:33 | Construir | Farm |
| 21:33 | Construir | Farm |
| 21:35 | Construir | Farm |
| 22:30 | Construir | Archery Range |
| 22:32 | Construir | Archery Range |
| 22:34 | Construir | Archery Range |
| 22:57 | Encolar | Villager (Male) |
| 22:57 | Encolar | Villager (Male) |
| 23:03 | Encolar | Shotel Warrior |
| 23:03 | Encolar | Shotel Warrior |
| 23:04 | Encolar | Shotel Warrior |
| 23:11 | Encolar | Archer |
| 23:12 | Encolar | Archer |
| 23:12 | Encolar | Archer |
| 23:12 | Encolar | Archer |
| 23:26 | Construir | Mining Camp |
| 23:37 | Encolar | Villager (Male) |
| 23:38 | Encolar | Villager (Male) |
| 23:48 | Construir | Farm |
| 23:50 | Construir | Farm |
| 24:51 | Encolar | Shotel Warrior |
| 24:52 | Encolar | Shotel Warrior |
| 24:52 | Encolar | Shotel Warrior |
| 25:07 | Encolar | Shotel Warrior |
| 25:08 | Encolar | Shotel Warrior |
| 25:08 | Encolar | Shotel Warrior |
| 25:50 | Encolar | Shotel Warrior |
| 25:50 | Encolar | Shotel Warrior |
| 26:57 | Construir | Farm |
| 26:59 | Construir | Farm |
| 27:01 | Construir | Farm |
| 27:12 | Investigar | Wheelbarrow |
| 27:21 | Construir | Farm |
| 27:24 | Construir | Farm |
| 27:28 | Investigar | Horse Collar |
| 27:45 | Encolar | Archer |
| 27:45 | Encolar | Archer |
| 27:45 | Encolar | Archer |
| 27:46 | Encolar | Archer |
| 27:46 | Encolar | Archer |
| 27:51 | Encolar | Archer |
| 28:06 | Encolar | Villager (Male) |
| 28:10 | Encolar | Villager (Male) |
| 28:15 | Encolar | Villager (Male) |
| 28:24 | Encolar | Villager (Male) |
| 28:30 | Encolar | Villager (Male) |
| 28:38 | Construir | Farm |
| 28:45 | Construir | Farm |
| 28:49 | Encolar | Villager (Male) |
| 28:51 | Encolar | Villager (Male) |
| 28:59 | Encolar | Villager (Male) |
| 28:59 | Encolar | Villager (Male) |
| 29:08 | Construir | Farm |
| 29:13 | Construir | Farm |
| 29:16 | Encolar | Villager (Male) |
| 29:19 | Encolar | Villager (Male) |
Cronología de la partida
| 4:29 | MagicMite204100 · first_building Barracks |
| 6:17 | gutierrezpa4 · wall_segment Palisade Wall x1 |
| 6:23 | gutierrezpa4 · wall_segment Palisade Wall x1 |
| 10:02 | vitavidal91 · age_up feudal |
| 10:03 | felipegarcia92 · first_building Barracks |
| 10:22 | GuilleLeopold17 · first_building Barracks |
| 10:23 | GuilleLeopold17 · age_up feudal |
| 11:02 | tatomagallanes · first_building Barracks |
| 11:16 | gutierrezpa4 · age_up feudal |
| 11:39 | Ghutz · age_up feudal |
| 11:46 | GuilleLeopold17 · first_building Archery Range |
| 11:56 | felipegarcia92 · age_up feudal |
| 12:02 | tatomagallanes · age_up feudal |
| 12:07 | tatomagallanes · first_building Archery Range |
| 12:43 | felipegarcia92 · first_building Stable |
| 13:02 | Broseidon · age_up feudal |
| 15:38 | gutierrezpa4 · age_up castle |
| 15:57 | tatomagallanes · age_up castle |
| 16:44 | Ghutz · age_up castle |
| 16:52 | vitavidal91 · age_up castle |
| 16:54 | Broseidon · first_building Barracks |
| 17:03 | gutierrezpa4 · first_building Castle |
| 17:12 | MagicMite204100 · age_up feudal |
| 17:31 | vitavidal91 · first_building Monastery |
| 18:11 | felipegarcia92 · age_up castle |
| 18:20 | Broseidon · first_building Stable |
| 18:28 | vitavidal91 · first_building Castle |
| 19:12 | GuilleLeopold17 · age_up castle |
| 19:16 | felipegarcia92 · first_building Castle |
| 19:17 | GuilleLeopold17 · first_building Castle |
| 19:48 | Broseidon · age_up castle |
| 20:28 | GuilleLeopold17 · first_building Siege Workshop |
| 20:30 | Ghutz · resign |
| 21:08 | tatomagallanes · first_building Castle |
| 22:09 | GuilleLeopold17 · first_market_buy 100 wood |
| 25:49 | gutierrezpa4 · first_building Barracks |
| 27:02 | gutierrezpa4 · first_building Stable |
| 28:10 | MagicMite204100 · first_building Stable |
| 30:09 | GuilleLeopold17 · first_market_sell 100 stone |
| 30:45 | gutierrezpa4 · first_market_buy 100 food |
| 31:31 | gutierrezpa4 · first_building Siege Workshop |
| 34:17 | gutierrezpa4 · age_up imperial |
| 35:00 | tatomagallanes · tribute_sent a jugador 1 |
| 35:00 | tatomagallanes · tribute_sent a jugador 2 |
| 35:00 | tatomagallanes · tribute_sent a jugador 3 |
| 35:00 | tatomagallanes · tribute_sent a jugador 4 |
| 35:00 | tatomagallanes · tribute_sent a jugador 5 |
| 35:00 | tatomagallanes · tribute_sent a jugador 6 |
| 35:00 | tatomagallanes · tribute_sent a jugador 7 |
| 37:25 | vitavidal91 · first_building Barracks |
| 37:44 | MagicMite204100 · age_up castle |
| 37:58 | MagicMite204100 · first_market_buy 100 stone |
| 38:03 | MagicMite204100 · first_market_sell 100 wood |
| 38:19 | tatomagallanes · age_up imperial |
| 38:27 | vitavidal91 · age_up imperial |
| 38:36 | GuilleLeopold17 · age_up imperial |
| 38:38 | MagicMite204100 · first_building Castle |
| 39:36 | felipegarcia92 · age_up imperial |
| 42:00 | vitavidal91 · first_market_sell 100 wood |
[ ANÁLISIS IA · 1 CRÉDITO ]
¿Qué pasó realmente en esta partida?
Wolo.gg analiza cada decisión: build order, eco, micro, errores típicos por bracket. Análisis personalizado por WhatsApp o Discord en 30 segundos.
Guía civ
Romanos
Perfil
Jugador #1901962